 Dungeon Crawl Stone Soup version 0.31-a0-355-g57cb03d3e8 (webtiles) character file.

Game seed: 12134510295989222430

324 bobarctor the Ruffian (level 6, -2/88 HPs)
             Began as a Troll Berserker on July 24, 2023.
             Was a Believer of Trog.
             Slain by a hornet (8 damage)
             ... on level 5 of the Dungeon.
             The game lasted 00:06:07 (1797 turns).

bobarctor the Ruffian (Troll Berserker)             Turns: 1797, Time: 00:06:08

Health: -2/88      AC:  4    Str: 26    XL:     6   Next: 23%
Magic:  5/5        EV: 10    Int:  3    God:    Trog [**....]
Gold:   78         SH:  5    Dex: 11    Spells: 5/5 levels left

rFire   . .          .
                       - Unarmed
rCold   . . .        (no shield)
rNeg    . . .        a - +0 animal skin
rPois   .            (helmet restricted)
rElec   .            (no cloak)
rCorr   .            (gloves unavailable)
SInv    .            (boots unavailable)
Will    ++...        b - amulet of reflection Stlth
                     (no ring)
HPRegen 2.14/turn    (no ring)
MPRegen 0.09/turn

%: reflection
@: berserking (expiring), strong-willed, regenerating, slowed
A: large, unfitting armour, claws 3, regeneration 1, shaggy fur 1, tough skin 1
a: Renounce Religion, Berserk, Trog's Hand


You were on level 5 of the Dungeon.
You worshipped Trog.
Trog was pleased with you.
You visited 1 branch of the dungeon, and saw 5 of its levels.

You collected 78 gold pieces.

Inventory:

Missiles
 g - 24 stones
 i - 5 large rocks (quivered)
Armour
 a - a +0 animal skin (worn)
Jewellery
 b - an amulet of reflection (around neck)
 h - an amulet of magic regeneration
Scrolls
 c - a scroll of fog {unknown}
 d - a scroll of noise {unknown}
 e - 3 scrolls of teleportation {unknown}
 k - a scroll of amnesia {unknown}
 o - a scroll of identify {unknown}
 r - a scroll of enchant weapon {unknown}
 s - 2 scrolls of immolation {unknown}
Potions
 f - 2 potions of degeneration {unknown}
 j - a potion of heal wounds {unknown}
 l - a potion of attraction {unknown}
 m - a potion of curing {unknown}
 n - a potion of invisibility {unknown}
 p - a potion of might {unknown}
 q - a potion of resistance {unknown}


   Skills:
 + Level 2.9 Fighting
 + Level 3.1 Dodging
 + Level 0.4 Shields
 * Level 6.3 Unarmed Combat


You had 5 spell levels left.
You didn't know any spells.
Your spell library was empty.

Dungeon Overview and Level Annotations

Branches:
Dungeon (6/15)             Temple (0/1) D:5

Altars:

Shops:
D:1 (   D:2 :


Innate Abilities, Weirdness & Mutations

You are too large for most types of armour.
You have claws for hands.
Your natural rate of healing is unusually fast.
You are covered in fur. (AC +1)
You have tough skin. (AC +1)


Message History

Your skin crawls.
You feel strong-willed.
You feel very sick. The hornet stings you!
* * * LOW HITPOINT WARNING * * *
You feel as though you will be slow longer.
The hornet closely misses you.
A red film seems to cover your vision as you go berserk!
You feel yourself moving faster!
You feel mighty!
You feel sick. The hornet barely misses you. The hornet stings you.
* * * LOW HITPOINT WARNING * * *
You feel as though you will be slow longer.
You block the hornet's attack.
You miss the hornet.
The hornet is lightly wounded.
You feel sick.
The hornet stings you but does no damage.
The adder hisses angrily.
You mangle the hornet!!
The hornet is severely wounded.
The hornet stings you but does no damage.
You barely miss the hornet.
The hornet is severely wounded.
You feel sick. You block the hornet's attack. The hornet stings you!
* * * LOW HITPOINT WARNING * * *
You feel as though you will be slow longer.
You claw the hornet!
The hornet is almost dead.
You feel sick. You block the hornet's attack.
You miss the hornet.
The hornet is almost dead.
You feel sick.
You are no longer poisoned.
The hornet stings you.
* * * LOW HITPOINT WARNING * * *
You feel as though you will be slow longer.
You miss the hornet.
The hornet is almost dead.
The hornet stings you!
You die...

####### ......# ......#
##### ......# ##...##
......# ##.....#######.
......####.$............
..........<.....@#
......####......y....#
......# ##....S##.#.#
......# #.......#.#
......####.........#
###.............?...
..†.)#####......P.P..
..††.# ........>...
.....# .


You could see a hornet and an adder.

Vanquished Creatures
  A centaur (D:5)
  A hound (D:5)
  A jelly (D:5)
  An iguana (D:6)
  2 orc wizards (D:3)
  4 adders (D:2)
  A worm (D:2)
  6 dart slugs
  4 orcs
  A bat (D:1)
  4 endoplasms (D:1)
  6 goblins
  5 hobgoblins
  9 jackals
  A quokka (D:5)
  7 ball pythons
  2 frilled lizards (D:1)
  2 kobolds
  4 rats
62 creatures vanquished.

Notes
Turn   | Place    | Note
-------+----------+-------------------------------------------
     0 | D:1      | bobarctor the Troll Berserker began the quest for the Orb.
     0 | D:1      | Reached XP level 1. HP: 22/22 MP: 0/0
    80 | D:1      | Reached XP level 2. HP: 17/29 MP: 1/1
   235 | D:1      | Found Duhej's Antique Weapon Boutique.
   336 | D:1      | Reached XP level 3. HP: 36/36 MP: 2/2
   512 | D:1      | Reached ** piety under Trog
   760 | D:2      | Reached skill level 4 in Unarmed Combat
   816 | D:2      | Reached XP level 4. HP: 39/44 MP: 3/3
   929 | D:2      | Found Byfraidgh's Book Emporium.
  1542 | D:3      | Reached skill level 5 in Unarmed Combat
  1567 | D:3      | Reached XP level 5. HP: 31/52 MP: 4/4
  1644 | D:3      | You fall into a shaft and drop 3 floors!
  1719 | D:5      | Entered Level 5 of the Dungeon
  1741 | D:5      | Noticed a centaur
  1745 | D:5      | Killed a centaur
  1746 | D:5      | Reached skill level 6 in Unarmed Combat
  1746 | D:5      | Reached XP level 6. HP: 48/59 MP: 5/5
  1781 | D:5      | Found a staircase to the Ecumenical Temple.
  1783 | D:5      | Noticed a hornet
  1796 | D:5      | HP: 4/88 [hornet (3)]
  1797 | D:5      | Slain by a hornet

Illustrated notes

Levels and vault maps discovered:
D:1:      psy_arrival_conway, layout_basic, serial_shops, shop,
          minmay_pentomino_v4
D:2:      layout_basic, serial_shops, shop, nicolae_twisty_statue_hallways
D:3:      layout_basic
D:5:      layout_rooms, general_overflow_altar, minmay_temple_entry_trees,
          uniq_eustachio
D:6:      layout_basic, marbit_many_paths

Skill      XL: |  1  2  3  4  5 |
---------------+----------------+-----
Unarmed Combat | 4 5 6 |  6.3
Dodging        | 3 |  3.1
Fighting       | |  2.9
Shields        | |  0.4

Action                     |  1- 3 |  4- 6 || total
---------------------------+-------+-------++-------
  Melee: Unarmed           |    84 |    73 ||   157
         Punch             |       |     2 ||     2
 Invoke: Trog's Hand       |       |     2 ||     2
         Berserk           |       |     1 ||     1
   Stab: Sleeping          |       |     2 ||     2
 Armour: Animal skin       |    27 |    21 ||    48
  Dodge: Dodged            |    35 |    24 ||    59
  Block: Other             |    11 |    21 ||    32

Table legend: (Time is in decaauts)
 A = Elapsed time spent in this place.
 B = Non-inter-level travel time spent in this place.
 C = Inter-level travel time spent in this place.
 D = Time resting spent in this place.
 E = Time spent auto-exploring this place.
 F = Levels seen in this place.
 G = Mean time per level.
                   A        B        C        D        E       F      G
               +--------+--------+--------+--------+--------+-----+--------+
         Total |   1785 |   1727 |     58 |     15 |   1247 |   5 |  357.0 |
       Dungeon |   1785 |   1727 |     58 |     15 |   1247 |   5 |  357.0 |
               +--------+--------+--------+--------+--------+-----+--------+

Top non-repeatable levels by time:
     D:1: 739 daAuts
     D:2: 733 daAuts
     D:3: 160 daAuts
     D:5: 77 daAuts
     D:6: 74 daAuts
